 Dungeon Crawl Stone Soup version 0.31-a0-182-gc5ef74bbde (webtiles) character file.

Game seed: 3807572115052061045

71 qw the Chopper (level 4, -2/28 HPs)
             Began as a Gargoyle Fighter on June 20, 2023.
             Slain by an orc priest
             ... wielding a +0 flail
              (7 damage)
             ... on level 3 of the Dungeon.
             The game lasted 00:00:36 (1389 turns).

qw the Chopper (Gargoyle Fighter)                   Turns: 1389, Time: 00:00:36

Health: -2/28      AC: 10    Str: 27    XL:     4   Next: 24%
Magic:  4/4        EV:  9    Int:  9    God:
Gold:   89         SH:  4    Dex:  9    Spells: 3/3 levels left

rFire   . . .        Y - +1 war axe
rCold   . . .        c - +0 buckler
rNeg    + . .        b - +0 scale mail
rPois   inf          (no helmet)
rElec   +            (no cloak)
rCorr   .            (no gloves)
SInv    .            (no boots)
Will    .....        (no amulet) Stlth
                     h - +6 ring of strength
HPRegen 0.24/turn    (no ring)
MPRegen 0.09/turn

%: no passive effects
@: no status effects
A: sickness immunity, AC +3, negative energy resistance 1, electricity
resistance, torment resistance 1, petrification resistance
a: no special abilities


You were on level 3 of the Dungeon.
You visited 1 branch of the dungeon, and saw 3 of its levels.

You collected 89 gold pieces.


Innate Abilities, Weirdness & Mutations

You are immune to sickness and miasma.
Your stone body is resilient. (AC +3)
You are immune to poison.
You resist negative energy. (rN+)
You are resistant to electric shocks. (rElec)
You are resistant to unholy torment.
You are immune to petrification.


   Skills:
 - Level 3.2 Fighting
 + Level 4.0 Axes
 - Level 3.2 Armour
 - Level 3.2 Shields


You had 3 spell levels left.
You didn't know any spells.
Your spell library was empty.

Inventory:

Hand Weapons
 o - a +0 mace
 Y - a +1 war axe (weapon)
Armour
 b - a +0 scale mail (worn)
 c - a +0 buckler (worn)
Jewellery
 h - a +6 ring of strength (left hand)
Potions
 a - a potion of enlightenment {unknown}
 d - a potion of might
 e - a potion of degeneration {unknown}
 f - a potion of heal wounds {unknown}
 g - a potion of mutation {unknown}
 i - a potion of magic {unknown}
 j - a potion of resistance {unknown}
 l - 2 potions of curing

Dungeon Overview and Level Annotations

Branches:
Dungeon (3/15)

Altars:

Shops:
D:2 =


Message History

The orc hits you but does no damage.
You hit the orc.
The orc is heavily wounded.
The orc priest calls upon Beogh to heal the orc.
The orc's wounds heal themselves!
The orc hits you with a +0 dagger.
The orc priest invokes the aid of Beogh against you.
Beogh smites you! The orc hits you but does no damage.
1327 ||| STAIRDANCE You climb upwards.
There is a stone staircase leading down here.
You barely miss the orc. The orc hits you with a +0 dagger.
You closely miss the orc. You block the orc's attack.
You barely miss the orc. The orc hits you but does no damage.
You block the orc's attack.
You barely miss the orc. The orc barely misses you.
You slash the orc!
You kill the orc!
You start resting.
HP restored.
Done exploring.
(D) Dungeon
Where to? (* - list waypoints, Enter - D:3, ? - help)
What level of the Dungeon? (default 1, ? - help)
You climb downwards.
There is a stone staircase leading up here.
An orc priest is nearby!
The orc priest mumbles some strange prayers to Beogh against you.
Beogh smites you!
Things that are here:
a +0 short sword; a frilled lizard corpse The orc priest mumbles some strange prayers to Beogh against you.
Beogh smites you!
The orc priest hits you but does no damage.
You barely miss the orc priest. The orc priest closely misses you.
The orc priest hits you with a +0 flail!
You die...

#### ...
#.### #.<.#
#.).######
#..$.....#
#.@.####.#
#P#...o...#
#P####.....#
P. #.....#
#P #.......
# .........
#.....####
......#


You could see an orc priest.

Vanquished Creatures
  Natasha (D:2)
  An adder (D:2)
  3 orcs
  3 endoplasms
  A giant cockroach (D:2)
  2 hobgoblins (D:2)
  2 jackals (D:3)
  2 kobolds (D:2)
  2 quokkas
  3 ball pythons
  2 bats (D:1)
  A frilled lizard (D:3)
  6 goblins
  2 rats
31 creatures vanquished.

Notes
Turn   | Place    | Note
-------+----------+-------------------------------------------
     0 | D:1      | qw the Gargoyle Fighter began the quest for the Orb.
     0 | D:1      | Reached XP level 1. HP: 14/14 MP: 1/1
     0 | D:1      | 0 ||| qw: Version: 0.3-a-9-g12657ce
     0 | D:1      | 0 ||| qw: Game counter: 1341
     0 | D:1      | 0 ||| qw: Always use a shield: true
     0 | D:1      | 0 ||| qw: God list: Okawaru
     0 | D:1      | 0 ||| qw: Allow faded altars: false
     0 | D:1      | 0 ||| qw: Do Orc after D:15 true
     0 | D:1      | 0 ||| qw: Do second Lair branch before Depths: true
     0 | D:1      | 0 ||| qw: Lair rune preference: random
     0 | D:1      | 0 ||| qw: Plans: Normal, Zot:1-4, Slime:5, God:TSO, Crypt,
                  | Tomb, Abyss, Pan, Hells, Win
     0 | D:1      | 0 ||| PLANNING D:1-11
    68 | D:1      | Reached skill level 2 in Axes
   220 | D:1      | Reached XP level 2. HP: 19/19 MP: 2/2
   649 | D:1      | 649 ||| UPGRADING to +6 ring of strength.
   650 | D:1      | 650 ||| READING scroll labelled RUDGHA BUHE.
   651 | D:1      | 651 ||| DRINKING 2 smoky amethyst potions.
   833 | D:2      | Found Laymumim's Jewellery Shop.
   851 | D:2      | 851 ||| SHOPLISTING ring of ice (350 gold, have 51).
   851 | D:2      | 851 ||| SHOPLISTING ring of positive energy (280 gold, have
                  | 51).
   897 | D:2      | Reached skill level 3 in Axes
   953 | D:2      | Reached XP level 3. HP: 23/23 MP: 3/3
   960 | D:2      | 960 ||| Stepping ~*~*~tactically~*~*~ (stealth).
  1072 | D:2      | 1072 ||| DROPPING +0 club.
  1171 | D:2      | Noticed Natasha
  1179 | D:2      | Killed Natasha
  1200 | D:2      | Reached XP level 4. HP: 28/28 MP: 4/4
  1303 | D:2      | 1303 ||| READING scroll labelled TAOLUE QAABLOCS.
  1304 | D:2      | 1304 ||| READING scroll labelled WOTTUS LYURUB.
  1324 | D:3      | Reached skill level 4 in Axes
  1327 | D:3      | 1327 ||| STAIRDANCE
  1387 | D:3      | HP: 5/28 [orc priest/divine providence (12)]
  1389 | D:3      | Slain by an orc priest

Levels and vault maps discovered:
D:1:      dpeg_arrival_stone_temple_mockup, layout_basic
D:2:      layout_basic, serial_bayou, serial_bayou_lagoon_a,
          serial_bayou_shore_b, serial_bayou_pond_a, serial_bayou_lagoon_b,
          serial_shops, shop, uniq_natasha
D:3:      layout_rooms, lemuel_doored_altar, serial_aquarium,
          aquarium_bridge_square [aquarium_subvault_balcony,
          aquarium_subvault_bridge, aquarium_subvault_wall,
          aquarium_subvault_bridge], aquarium_window_1, aquarium_window_3,
          aquarium_window_1, aquarium_view_2g,
          amcnicky_mini_rare_corridor_liquid, grunt_ministairs_5

Skill      XL: |  1  2  3  4 |
---------------+-------------+-----
Axes           | 2 3 4 |  4.0
Fighting       | |  3.2
Armour         | |  3.2
Shields        | |  3.2

Action                     |  1- 3 |  4- 6 || total
---------------------------+-------+-------++-------
  Melee: War axe           |    55 |    20 ||    75
    Use: Scroll            |     1 |     2 ||     3
         Potion            |     1 |       ||     1
 Armour: Scale mail        |    25 |     7 ||    32
  Dodge: Dodged            |    18 |     5 ||    23
  Block: Buckler           |    13 |     4 ||    17

Table legend:
 A = Non-vault XP
 B = Vault XP
 C = Vault XP percentage of total XP
 D = Non-vault monster count
 E = Vault monster count
 F = Vault count percentage of total count
                 A         B        C        D         E       F
            +---------+---------+-------+---------+---------+-------
      Total |      67 |      35 |  34.3 |      30 |       1 |   3.2
            +---------+---------+-------+---------+---------+-------
        D:1 |      19 |       0 |   0.0 |      11 |       0 |   0.0
        D:2 |      39 |      35 |  47.3 |      14 |       1 |   6.7
        D:3 |       9 |       0 |   0.0 |       5 |       0 |   0.0
            +---------+---------+-------+---------+---------+-------
